 Dungeon Crawl Stone Soup version 0.30-a0-748-ge6a52f7cba (webtiles) character file.

Game seed: 8732335611018043406

2119095 ragingrage the Impregnable (level 26, 197/235 (239) HPs)
             Began as an Armataur Gladiator on Feb 8, 2023.
             Was a Believer of Uskayaw.
             Escaped with the Orb
             ... and 4 runes!
             The game lasted 01:58:40 (81607 turns).

ragingrage the Impregnable (Armataur Gladiator)    Turns: 81607, Time: 01:58:41

HP:   197/235 (239) AC: 56    Str: 23      XL:     26   Next: 81%
MP:   37/37         EV: 11    Int: 18 (20) God:    Uskayaw [**....]
Gold: 1014          SH: 25    Dex: 24      Spells: 23/33 levels left

rFire   + + .      SeeInvis .    a - +8 arc blade {discharge, rElec}
rCold   + + +      Faith    +    n - +1 tower shield {AC+3}
rNeg    + . .      Spirit   .    B - +12 gold dragon scales
rPois   +          Reflect  .    r - +1 hat {Int+3}
rElec   +          Harm     .    T - +4 dragonskin cloak
rCorr   +          Roll     +    w - +0 pair of gloves of Vejem {Slay+3}
Will    ++...                    p - +1 barding of the Storm King {rF+ rC++} Stlth
                                 N - amulet of faith
HPRegen 0.59/turn                L - ring "Xiyxopso" {rN+ rCorr Str+3 Int+3}
MPRegen 0.25/turn                G - ring "Ozxott" {EV+5 Dex+4}

@: lightly drained
A: large, rugged brown scales 3, deformed body, armoured tail, roll, long
tongue, awkward tongue, hooves 1, clever 1, strong-willed 1, passive freeze,
evolution 1
0: Orb of Zot
}: 4/15 runes: serpentine, barnacled, slimy, abyssal
a: Renounce Religion, Stomp, Line Pass


You escaped.
You worshipped Uskayaw.
Uskayaw was greatly pleased with you.
You visited 11 branches of the dungeon, and saw 52 of its levels.
You visited the Abyss 1 time.
You visited 1 bazaar.
You also visited: Bailey, Ice Cave and Desolation.

You collected 6810 gold pieces.
You spent 5796 gold pieces at shops.

Inventory:

Hand Weapons
 a - the +8 arc blade (weapon) {discharge, rElec}
   (You acquired it on level 8 of the Dungeon)

   rElec:     It insulates you from electricity.
Missiles
 d - 9 throwing nets
 e - 22 javelins
 j - 15 silver javelins
 J - 27 boomerangs (quivered)
 M - 9 curare-tipped darts
Armour
 n - a +1 tower shield of protection (worn)
 p - the +1 barding of the Storm King (worn) {rF+ rC++}
   (You acquired it on level 10 of the Dungeon)

   rF:        It protects you from fire.
   rC:        It greatly protects you from cold.
 r - a +1 hat of intelligence (worn)
 w - the +0 pair of gloves of Vejem (worn) {Slay+3}
   (You found it on level 3 of the Elven Halls)

   Slay:      It affects your accuracy & damage with ranged weapons and melee
   (+3).
 B - +12 gold dragon scales (worn)
 T - the +4 dragonskin cloak (worn)
   (You took it off Tiamat on level 4 of the Realm of Zot)

   Avatar's Aegis: It grants the wearer a chance to resist fire, cold, poison,
   electricity, acid, and negative energy.
Jewellery
 G - the ring "Ozxott" (right hand) {EV+5 Dex+4}
   (You found it in the Desolation of Salt)

   [ring of evasion]

   EV:        It affects your evasion (+5).
   Dex:       It affects your dexterity (+4).
 I - a ring of see invisible
 L - the ring "Xiyxopso" (left hand) {rN+ rCorr Str+3 Int+3}
   (You found it in the Desolation of Salt)

   [ring of resist corrosion]

   Str:       It affects your strength (+3).
   Int:       It affects your intelligence (+3).
   rN:        It protects you from negative energy.
   rCorr:     It protects you from acid and corrosion.
 N - an amulet of faith (around neck)
 V - the ring "Qacw" {rN++ Int+4 Dex+6}
   (You found it on level 3 of the Depths)

   [ring of dexterity]

   Int:       It affects your intelligence (+4).
   Dex:       It affects your dexterity (+6).
   rN:        It greatly protects you from negative energy.
Wands
 K - a wand of roots (18)
 Q - a wand of paralysis (16)
 R - a wand of digging (13)
 Y - a wand of acid (20)
Scrolls
 f - 26 scrolls of teleportation
 g - 8 scrolls of vulnerability
 i - 2 scrolls of summoning
 m - 9 scrolls of fear
 o - 6 scrolls of magic mapping
 v - 5 scrolls of torment
 A - 4 scrolls of immolation
 E - 4 scrolls of poison
 F - 11 scrolls of blinking
 U - 5 scrolls of fog
Potions
 c - 2 potions of flight
 h - 8 potions of haste
 k - 12 potions of heal wounds
 l - a potion of cancellation
 t - 4 potions of resistance
 u - 10 potions of mutation
 x - 4 potions of might
 z - 2 potions of brilliance
 C - 2 potions of attraction
 D - 6 potions of berserk rage
 O - 7 potions of ambrosia
 S - 6 potions of lignification
 W - 13 potions of curing
 X - 3 potions of magic
Miscellaneous
 b - a condenser vane
 q - a box of beasts
 s - a tin of tremorstones (2/2)
 y - a lightning rod (4/4)
 H - a phial of floods
 Z - a phantom mirror


   Skills:
 + Level 16.1 Fighting
 - Level 11.0(14.0) Short Blades
 - Level 14.0(15.4) Long Blades
 - Level 16.0 Throwing
 + Level 25.1 Armour
 + Level 7.5 Dodging
 + Level 14.5 Stealth
 - Level 21.0 Shields
 - Level 4.0 Spellcasting
 - Level 10.0 Transmutations
 - Level 20.0 Invocations
 - Level 15.0 Evocations


You had 23 spell levels left.
You knew the following spells:

 Your Spells              Type           Power      Damage    Failure   Level
a - Wereblood             Tmut           39%        N/A       6%          2
b - Apportation           Tloc           6%         N/A       94%         1
c - Vhi's Electric Charg  Tloc/Air       6%         N/A       100%        3
d - Animate Armour        Summ/Erth      6%         N/A       100%        4

Your spell library contained the following spells:

 Spells                   Type           Power      Damage    Failure   Level
 Beastly Appendage        Tmut           78%        N/A       4%          1
 Passwall                 Tmut/Erth      17%        N/A       43%         2
 Spider Form              Tmut/Pois      21%        N/A       67%         3
 Blade Hands              Tmut           19%        N/A       73%         5
 Ignite Poison            Fire/Tmut/Pois 15%        N/A       88%         3
 Foxfire                  Conj/Fire      12%        2x1d4     94%         1
 Freeze                   Ice            12%        1d3       94%         1
 Kiss of Death            Conj/Necr      12%        2d6       94%         1
 Magic Dart               Conj           12%        1d3       94%         1
 Shock                    Conj/Air       12%        1d3       94%         1
 Summon Small Mammal      Summ           12%        N/A       94%         1
 Petrify                  Tmut/Erth      21%        N/A       97%         4
 Cigotuvi's Dreadful Rot  Necr/Pois/Air  6%         N/A       98%         2
 Ensorcelled Hibernation  Hex/Ice        6%         N/A       98%         2
 Scorch                   Fire           6%         2d5       98%         2
 Searing Ray              Conj           6%         2d4       98%         2
 Sublimation of Blood     Necr           3%         N/A       98%         2
 Call Canine Familiar     Summ           3%         N/A       100%        3
 Confusing Touch          Hex            3%         N/A       100%        3
 Dazzling Flash           Conj/Hex       6%         N/A       100%        3
 Frozen Ramparts          Ice            6%         1d1       100%        3
 Gell's Gravitas          Tloc           3%         N/A       100%        3
 Hailstorm                Conj/Ice       3%         3d3       100%        3
 Kindle Blastsparks       Fire/Tloc/Air  6%         2d10      100%        3
 Portal Projectile        Hex/Tloc       6%         N/A       100%        3
 Summon Guardian Golem    Hex/Summ       3%         N/A       100%        3
 Swiftness                Air            3%         N/A       100%        3
 Tukima's Dance           Hex            3%         N/A       100%        3
 Airstrike                Air            1%         2d(1-17)  100%        4
 Anguish                  Hex/Necr       1%         N/A       100%        4
 Animate Dead             Necr           3%         N/A       100%        4
 Dispel Undead            Necr           3%         3d7       100%        4
 Flame Wave               Conj/Fire      3%         2d5       100%        4
 Fulminant Prism          Conj/Hex       1%         3d5       100%        4
 Iskenderun's Mystic Bla  Conj/Tloc      3%         2d3       100%        4
 Passage of Golubria      Tloc           3%         N/A       100%        4
 Summon Ice Beast         Ice/Summ       3%         N/A       100%        4
 Summon Lightning Spire   Summ/Air       3%         N/A       100%        4
 Alistair's Intoxication  Tmut/Pois      14%        N/A       100%        5
 Fireball                 Conj/Fire      1%         3d3       100%        5
 Irradiate                Conj/Tmut      10%        3d15      100%        5
 Iskenderun's Battlesphe  Conj           3%         2d6       100%        5
 Lee's Rapid Deconstruct  Erth           1%         3d4*      100%        5
 Lightning Bolt           Conj/Air       1%         1d12      100%        5
 Metabolic Englaciation   Hex/Ice        1%         N/A       100%        5
 Silence                  Hex/Air        1%         N/A       100%        5
 Summon Forest            Summ/Tloc      1%         N/A       100%        5
 Summon Mana Viper        Hex/Summ       3%         N/A       100%        5
 Death Channel            Necr           1%         N/A       100%        6
 Eringya's Noxious Bog    Tmut/Pois      10%        N/A       100%        6
 Iron Shot                Conj/Erth      1%         9d1       100%        6
 Simulacrum               Ice/Necr       1%         N/A       100%        6
 Starburst                Conj/Fire      1%         6d3       100%        6
 Summon Cactus Giant      Summ           1%         N/A       100%        6
 Enfeeble                 Hex            1%         N/A       100%        7
 Haunt                    Necr/Summ      1%         N/A       100%        7
 Monstrous Menagerie      Summ           1%         N/A       100%        7
 Orb of Destruction       Conj           1%         9d5       100%        7
 Spellforged Servitor     Conj/Summ      1%         N/A       100%        7
 Storm Form               Tmut/Air       10%        N/A       100%        7
 Summon Hydra             Summ           1%         N/A       100%        7
 Ignition                 Fire           1%         3d3       100%        8
 Infestation              Necr           1%         N/A       100%        8
 Maxwell's Capacitive Co  Air            1%         ∞         100%        8
 Necromutation            Tmut/Necr      10%        N/A       100%        8
 Chain Lightning          Conj/Air       1%         3d2       100%        9
 Fire Storm               Conj/Fire      1%         8d1       100%        9
 Shatter                  Erth           1%         3d6*      100%        9


Dungeon Overview and Level Annotations

Branches:
Dungeon (15/15)            Temple (1/1) D:4            Lair (5/5) D:11
 Shoals (4/4) Lair:3        Snake (4/4) Lair:3        Slime (5/5) Lair:4
    Orc (2/2) D:12            Elf (3/3) Orc:2        Vaults (4/5) D:13
  Crypt (0/3) Vaults:3     Depths (4/4) D:15            Zot (5/5) Depths:4
 Bailey (visited)           IceCv (visited)         Desolation (visited)

Altars:
Ashenzari
Cheibriados
Dithmenos
Elyvilon
Fedhas
Gozag
Hepliaklqana
Kikubaaqudgha
Makhleb
Nemelex Xobeh
Okawaru
Qazlal
Ru
Sif Muna
Trog
Uskayaw
Vehumet
Xom
Yredelemnul
Zin
The Shining One
Jiyva

Shops:
D:9 =   Orc:2 ?[?[   Elf:1 (   Elf:2 (:[   Shoals:1 (*   Shoals:2 =*?[
Shoals:4 ?   Snake:2 [   Snake:3 ?((:   Vaults:2 (   Vaults:3 *   Depths:1 (
Depths:2 [:*

Portals:
Hell: Depths:1 Depths:2 Depths:3 Depths:4
Abyss: D:11 Depths:3 Depths:4
Pandemonium: Depths:2
Ziggurat: Depths:3
Bazaar: Depths:3

Annotations:
D:5 exclusion: downstairs
D:10 2 runed translucent doors
D:11 2 transporters, sirJeffrey23's ghost, journeyman AtFi
D:13 3 runed translucent doors, Rudyous's ghost, journeyman MiFi
D:14 1 exclusion
Shoals:2 exclusion: downstairs
Snake:1 Nikola
Elf:2 3 runed translucent doors
Vaults:2 3 runed translucent doors, Henlumuh's ghost, veteran NaIE; Reyb's ghost, veteran DsGl; Wyfalan's ghost, adept DrCj
Depths:3 exclusions: daeva and 3 more exclusions


Innate Abilities, Weirdness & Mutations

You are completely covered in rugged brown scales. (AC +3, +7% HP)
Armour fits poorly on your strangely shaped body.
You have a long armoured tail.
You roll when moving toward enemies. (Rampage)
Your long tongue fully drains potion bottles. (2x potion effects)
Your tongue gives you trouble enunciating. (1.5x scroll delay)
You have large cloven feet.
Your mind is acute. (Int +4, Str/Dex -1)
You are strong-willed. (Will+)
A frigid envelope surrounds you and freezes all who hurt you.
You have hidden genetic potential.


Message History

There is a stone staircase leading up here.
You climb upwards.
There is a stone staircase leading down here.
You enter the shallow water.
A soul eater comes into view.
You block the soul eater's attack.
You are too injured to fight recklessly!
You are too injured to fight recklessly!
You are too injured to fight recklessly!
You are too injured to fight recklessly!
You block the soul eater's attack. You block the soul eater's attack.
You hit the soul eater but do no damage.
You kick the soul eater. You tail-slap the soul eater!
The soul eater is lightly wounded.
You hit the soul eater but do no damage.
You kick the soul eater, but do no damage.
You tail-slap the soul eater!
The soul eater is moderately wounded.
You block the soul eater's attack.
You puncture the soul eater!
You kick the soul eater, but do no damage.
Your tail-slap misses the soul eater.
The soul eater is heavily wounded.
You hit the soul eater but do no damage.
You kick the soul eater, but do no damage.
The soul eater is heavily wounded.
You block the soul eater's attack.
You hit the soul eater.
The soul eater is severely wounded.
The soul eater completely misses you.
You hit the soul eater. You kick the soul eater. You tail-slap the soul eater!
The soul eater is almost dead.
You can now pass through a line of other dancers.
You puncture the soul eater!
The arc blade crackles.
The soul eater is struck by an arc of lightning!
You kill the soul eater!
You resist.
You are struck by an arc of lightning.
There is a staircase leading out of the dungeon here.
You have escaped!

###################
#.................#
#######.######.########.#
###.......#≈≈≈≈♣.♣≈≈≈≈# #.#
....#.###.#≈...♣.♣...≈###.######
.#....# #.#≈.♣.....P.≈#...##...##
##.#### #.#≈♣♣♣...PPP≈#.........#
...# #.#♣.♣.....P.♣#..........
#### #..~....@....~...........
#.#♣.P....(..♣#.......... #
#.#≈PPP......≈#.........# #
#.#≈.P.......≈#...##..>## #
##.#≈≈≈≈♣.♣≈≈≈≈###....#... ###
#..######.######.......### ..#
##..................(.....# ..#
##..###........#........##.#
..####..####.................##..


There were no monsters in sight!

Vanquished Creatures
  the Royal Jelly (Slime:5)
  4 dread liches (Zot:5)
  Tiamat (Zot:4)
  Mara (Vaults:3)
  2 orbs of fire
  6 ancient liches
  2 juggernauts (Depths:3)
  Frederick (Depths:4)
  2 Killer Klowns (Zot:5)
  5 caustic shrikes
  3 curse toes
  9 golden dragons
  A profane servitor (D:14)
  2 bone dragons (Depths:4)
  3 doom hounds
  5 electric golems
  A Tzitzimitl (Depths:4)
  Rupert (Lair:4)
  Grunn (Zot:1)
  2 deep elf blademasters (Elf:3)
  2 walking crystal tomes (Depths:4)
  27 Orb Guardians
  15 tentacled monstrosities
  4 liches
  2 titans (Depths:3)
  7 quicksilver dragons
  20 acid blobs
  2 deep elf master archers (Elf:3)
  2 ancient champions
  A walking divine tome (Depths:3)
  8 death cobs
  2 tentacled starspawn (Abyss:3)
  14 storm dragons
  11 sphinxes
  Donald (Shoals:1)
  Kirke (Lair:4)
  2 tengu reavers
  9 azure jellies
  3 nagarajas
  7 shadow dragons
  6 draconian knights
  10 draconian monks
  3 iron dragons
  13 rockslimes
  2 fire giants (Depths:3)
  2 draconian scorchers (Zot:5)
  5 frost giants
  8 vault wardens
  4 deep elf sorcerers
  4 deep elf elementalists (Elf:3)
  A cacodemon (D:14)
  3 ghost moths
  An angel (Depths:2)
  5 draconian shifters
  4 draconian annihilators
  21 ironbound preservers
  A spriggan defender (Depths:3)
  5 draconian stormcallers
  A war gargoyle (Vaults:2)
  12 stone giants
  4 orc warlords
  15 quicksilver oozes
  6 ironbound thunderhulks
  3 vampire knights
  17 very ugly things
  The ghost of elongatedgoose the Warrior, a journeyman MfGl of Dithmenos (Orc:2)
  5 deep elf demonologists
  11 black draconians
  15 green draconians
  19 red draconians
  4 deep elf annihilators
  3 putrid mouths (Depths:4)
  2 halazid warlocks (Desolation)
  8 white draconians
  15 purple draconians
  A minotaur (shapeshifter) (Depths:4)
  14 spark wasps
  14 yellow draconians
  8 dire elephants
  5 ettins
  The ghost of Awe Rirch the Skirmisher, a journeyman VSBr of Fedhas (Lair:4)
  3 crystal guardians
  2 fire dragons
  8 deep elf death magi
  8 merfolk javelineers
  5 entropy weavers
  A fire dragon (shapeshifter) (Elf:2)
  A jiangshi (Vaults:3)
  9 merfolk impalers
  2 deep elf high priests (Elf:3)
  7 ragged hierophants (Desolation)
  14 hydras
  2 hell beasts (Depths:1)
  3 rakshasas
  14 vault guards
  11 yaktaur captains
  11 great orbs of eyes
  2 merfolk avatars
  7 servants of whispers (Desolation)
  7 ice dragons
  4 salamander tyrants (Snake:4)
  A caustic shrike simulacrum (IceCv)
  2 spriggan air magi (Depths:3)
  7 ironbound frosthearts
  7 merfolk aquamancers
  16 anacondas
  3 catoblepae
  5 ogre magi
  3 boulder beetles
  12 peacekeepers
  An alligator (Snake:4)
  A juggernaut simulacrum (Depths:2)
  20 centaur warriors
  4 satyrs
  3 naga warriors
  8 death yaks
  23 two-headed ogres
  4 alligator snapping turtles
  A death knight (Vaults:3)
  4 tengu warriors
  23 dancing weapons
  7 deep troll shamans
  11 deep troll earth magi
  A thrashing horror (Abyss:3)
  8 spriggan berserkers
  A vampire mage (Depths:2)
  A soul eater (D:1)
  8 naga sharpshooters
  6 shock serpents
  9 hell knights (Depths:4)
  Sonja (Lair:4)
  2 fire crabs
  19 deep elf knights
  5 iron trolls
  5 salamander mystics (Snake:4)
  3 sixfirhies (D:14)
  2 skeletal warriors
  A wretched star (Abyss:3)
  11 sea snakes
  A spark wasp zombie (Depths:2)
  2 goliath frogs (Snake:4)
  3 glowing orange brains
  70 deep trolls
  3 orange crystal statues
  A flayed ghost (Depths:4)
  2 phantasmal warriors (Depths:1)
  21 deep elf archers
  A quicksilver dragon simulacrum (Depths:1)
  11 ironbound convokers
  2 golden dragon zombies (Depths:2)
  5 naga ritualists (Snake:4)
  12 orc knights
  19 harpies
  A tengu zombie (Depths:2)
  2 cherubim
  6 wizards
  11 lindwurms
  41 deep elf pyromancers
  A wolf spider (shapeshifter) (Vaults:2)
  A human zombie (Vaults:4)
  11 mana vipers
  7 necromancers
  6 starcursed masses (Abyss:3)
  A wolf spider (Lair:1)
  38 deep elf zephyrmancers
  6 shining eyes
  An oklob plant (Lair:5)
  9 fauns
  A worldbinder (Abyss:3)
  40 ugly things
  8 cyclopes
  22 manticores
  5 merfolk sirens
  38 moths of wrath
  11 salamanders
  18 vault sentinels
  13 elephants (Lair:5)
  15 guardian serpents
  A torpor snail (Lair:3)
  2 eyes of devastation
  30 black mambas
  A centaur zombie (D:13)
  A titan simulacrum (Depths:2)
  An orange demon (D:14)
  An apocalypse crab (Abyss:3)
  4 molten gargoyles
  An ice statue (Snake:1)
  4 centaur skeletons (D:13)
  A gargoyle (D:12)
  8 water nymphs
  5 cane toads
  9 naga magi
  4 rime drakes
  Psyche (D:8)
  2 tormentors
  An efreet (Zot:5)
  5 freezing wraiths
  2 kobold demonologists
  An anaconda simulacrum (IceCv)
  17 yaktaurs
  An ancient zyme (Abyss:3)
  4 golden dragon simulacra
  10 komodo dragons
  A spark wasp simulacrum (Depths:2)
  39 merfolk
  A polar bear (Lair:5)
  11 trolls
  Prince Ribbit (Bailey)
  16 wind drakes
  4 hornets
  A queen bee (D:10)
  10 snapping turtles
  5 blink frogs (Lair:4)
  70 saltlings (Desolation)
  An ettin zombie (Vaults:4)
  A dream sheep (shapeshifter) (Elf:3)
  135 slime creatures
  8 dream sheep
  A slime creature (shapeshifter) (Elf:2)
  A spriggan zombie (Depths:2)
  A vampire (D:11)
  A jumping spider (Vaults:1)
  A jumping spider (shapeshifter) (Elf:2)
  4 air elementals
  2 spriggans (Depths:4)
  20 water elementals
  2 dire elephant simulacra (IceCv)
  A neqoxec (D:10)
  7 basilisks
  7 wyverns
  65 yaks
  2 wraiths
  3 fire elementals
  A hog (shapeshifter) (Depths:4)
  4 humans (Bailey)
  A golden eye (Slime:5)
  A hog (Lair:4)
  2 redbacks
  2 elf zombies (Vaults:4)
  A large abomination (Abyss:3)
  5 steam dragons
  A chaos spawn (Depths:2)
  3 wargs
  2 vampire mosquitoes (D:13)
  22 nagas
  4 acid dragons
  3 harpy simulacra (IceCv)
  A hydra simulacrum (IceCv)
  7 water moccasins
  6 hell hounds
  2 floating eyes
  7 orc warriors
  An alligator simulacrum (IceCv)
  3 black bears
  3 sky beasts
  2 ettin simulacra (IceCv)
  15 wolves
  A boggart (Elf:1)
  11 centaurs
  33 ogres
  A phantom (D:5)
  Blork the orc (D:4)
  7 kobold brigands
  A gnoll sergeant (D:8)
  22 bullfrogs
  A necrophage (D:5)
  7 wights
  2 lindwurm simulacra (IceCv)
  40 killer bees
  5 howler monkeys
  4 electric eels (Snake:1)
  5 lava snakes (Lair:5)
  2 jellies
  3 hounds
  22 orc priests
  2 gnoll boudas
  13 hell rats
  A boggart zombie (D:13)
  3 iguanas
  15 orc wizards
  10 adders
  15 gnolls
  4 white imps
  An ufetubus (D:4)
  A dart slug (D:2)
  58 orcs
  8 endoplasms
  2 giant cockroaches (D:3)
  9 goblins
  5 hobgoblins
  15 kobolds
  2 quokkas
  4 ball pythons
  3 bats
  3 frilled lizards
  6 rats
  A lurking horror (Abyss:3)
  2 starspawn tentacles (Abyss:3)
2300 creatures vanquished.

Vanquished Creatures (collateral kills)
  An ancient lich (Zot:5)
  An orb of fire (Zot:5)
  A tentacled monstrosity (Zot:1)
  A death cob (Zot:5)
  A yellow draconian (Zot:5)
5 creatures vanquished.

Vanquished Creatures (others)
  2 caustic shrikes (Depths:4)
  A ragged hierophant (Desolation)
  A peacekeeper (Desolation)
  2 deep elf knights
  A deep elf archer (Elf:2)
  A polar bear (Lair:4)
  A water elemental (Elf:2)
  An ogre (D:13)
  3 bushes (Lair:5)
  31 fungi
  88 plants
  4 starspawn tentacles (Abyss:3)
  5 toadstools (D:1)
  A withered plant (Desolation)
142 creatures vanquished.

Grand Total: 2447 creatures vanquished

Notes
Turn   | Place    | Note
-------+----------+-------------------------------------------
     0 | D:1      | ragingrage the Armataur Gladiator began the quest for the
                  | Orb.
     0 | D:1      | Reached XP level 1. HP: 18/18 MP: 1/1
   237 | D:1      | Reached XP level 2. HP: 10/25 MP: 2/2
   793 | D:2      | Reached skill level 1 in Stealth
   851 | D:2      | Reached XP level 3. HP: 31/31 MP: 3/3
  1337 | D:2      | Identified the +0 buckler of Baldness {rCorr Stlth+}
  1742 | D:3      | Identified the amulet of the Pariah {Acrobat rElec rCorr
                  | Str-2}
  1921 | D:4      | Reached XP level 4. HP: 38/38 MP: 4/4
  2519 | D:4      | Noticed Blork the orc
  2795 | D:4      | Killed Blork the orc
  2796 | D:4      | Reached skill level 5 in Long Blades
  2796 | D:4      | Reached XP level 5. HP: 43/43 MP: 5/5
  2907 | D:4      | Found a staircase to the Ecumenical Temple.
  3029 | Temple   | Entered the Ecumenical Temple
  3184 | Temple   | Became a worshipper of Uskayaw the Reveller
  3257 | D:5      | Entered Level 5 of the Dungeon
  3268 | D:5      | Noticed a phantom
  3293 | D:5      | Reached * piety under Uskayaw
  3298 | D:5      | Reached ** piety under Uskayaw
  3301 | D:5      | Reached *** piety under Uskayaw
  3303 | D:5      | Killed a phantom
  3304 | D:5      | Reached XP level 6. HP: 40/51 MP: 6/6
  3446 | D:5      | Found an ancient bone altar of Kikubaaqudgha.
  3447 | D:5      | Found a glowing silver altar of Zin.
  3448 | D:5      | Found a burning altar of Makhleb.
  3448 | D:5      | Found a shimmering altar of Xom.
  3472 | D:5      | Found a basalt altar of Yredelemnul.
  3472 | D:5      | Found a snail-covered altar of Cheibriados.
  3473 | D:5      | Found a shimmering blue altar of Sif Muna.
  4660 | D:6      | Noticed a hornet
  4759 | D:6      | Reached XP level 7. HP: 52/56 MP: 7/7
  5081 | D:6      | Paralysed by a hornet for 2 turns
  5085 | D:6      | Killed a hornet
  5387 | D:6      | Reached XP level 8. HP: 58/64 MP: 8/8
  5719 | D:6      | Found a shadowy altar of Dithmenos.
  5761 | D:6      | Reached **** piety under Uskayaw
  6534 | D:7      | Reached skill level 10 in Long Blades
  6598 | D:7      | Noticed an air elemental
  6743 | D:7      | Reached XP level 9. HP: 70/71 MP: 9/9
  6810 | D:7      | Found a stormy altar of Qazlal.
  6875 | D:7      | Noticed a two-headed ogre
  7216 | D:7      | Killed a two-headed ogre
  7671 | D:8      | Reached ***** piety under Uskayaw
  7678 | D:8      | Reached XP level 10. HP: 77/78 MP: 10/10
  7683 | D:8      | Reached ****** piety under Uskayaw
  7856 | D:8      | Found a flagged portal.
  8016 | Bailey   | Entered a bailey
  8052 | Bailey   | Reached skill level 1 in Invocations
  8450 | Bailey   | Noticed Prince Ribbit
  8460 | Bailey   | Killed Prince Ribbit
  8692 | Bailey   | Noticed a vault guard
  8900 | Bailey   | Noticed a vault guard
  8950 | Bailey   | Killed a vault guard
  8951 | Bailey   | Reached skill level 5 in Invocations
  8980 | Bailey   | Killed a vault guard
  8981 | Bailey   | Reached skill level 1 in Short Blades
  8981 | Bailey   | Reached skill level 1 in Armour
  8981 | Bailey   | Reached skill level 1 in Shields
  9319 | D:8      | Identified a scroll of acquirement
  9319 | D:8      | Acquired the +8 arc blade {discharge, rElec}
  9319 | D:8      | Found the +8 arc blade {discharge, rElec}
  9651 | D:8      | Noticed Psyche
  9653 | D:8      | Killed Psyche
  9784 | D:8      | Reached XP level 11. HP: 70/84 MP: 12/14
 10130 | D:9      | Found Rizit's Jewellery Boutique.
 10381 | D:9      | Reached skill level 5 in Short Blades
 10950 | D:10     | Entered Level 10 of the Dungeon
 11249 | D:10     | Found a sacrificial altar of Ru.
 11368 | D:10     | Found a large runed translucent door.
 11368 | D:10     | Found a large runed translucent door.
 11391 | D:10     | Noticed an orc knight
 11402 | D:10     | Killed an orc knight
 11438 | D:10     | Noticed a deep elf pyromancer
 11650 | D:10     | Found a large runed translucent door.
 11650 | D:10     | Found a large runed translucent door.
 11670 | D:10     | Noticed a two-headed ogre
 11676 | D:10     | Killed a two-headed ogre
 11874 | D:10     | Noticed a two-headed ogre
 11881 | D:10     | Killed a two-headed ogre
 11902 | D:10     | Noticed a two-headed ogre
 11917 | D:10     | Killed a two-headed ogre
 12014 | D:10     | Acquired the +1 barding of the Storm King {rF+ rC++}
 12024 | D:10     | Killed a deep elf pyromancer
 12027 | D:10     | Reached skill level 10 in Short Blades
 12027 | D:10     | Reached XP level 12. HP: 90/90 MP: 15/15
 12158 | D:11     | Found a transporter.
 12164 | D:11     | Found a one-way gate to the infinite horrors of the Abyss.
 12164 | D:11     | Noticed sirJeffrey23's ghost (journeyman AtFi)
 12166 | D:11     | Noticed a hell hog
 12363 | D:11     | Found a transporter.
 12469 | D:11     | Found a staircase to the Lair.
 12545 | D:11     | Identified the +0 arbalest of Wyrd {drain, Str+2}
 12708 | D:12     | Found a staircase to the Orcish Mines.
 12716 | D:12     | Reached skill level 2 in Armour
 12773 | D:12     | Reached skill level 1 in Evocations
 13543 | D:13     | Noticed a centaur warrior
 13608 | D:13     | Noticed a seven-headed hydra
 13615 | D:13     | Noticed a two-headed ogre
 13618 | D:13     | Killed a seven-headed hydra
 13621 | D:13     | Killed a two-headed ogre
 13622 | D:13     | Reached skill level 3 in Armour
 13675 | Lair:1   | Entered Level 1 of the Lair of Beasts
 13688 | Lair:1   | Identified the +1 whip of Enam {pain, rN+ Int+3 Dex+3}
 14400 | Lair:1   | Found a white marble altar of Elyvilon.
 14560 | Lair:1   | Reached skill level 5 in Stealth
 14935 | Lair:2   | Reached XP level 13. HP: 99/102 MP: 17/17
 15297 | Lair:2   | Reached skill level 4 in Armour
 15374 | Lair:2   | Reached skill level 5 in Throwing
 15951 | Lair:3   | Found a staircase to the Shoals.
 16693 | Lair:3   | Found a staircase to the Snake Pit.
 17197 | Lair:4   | Reached skill level 5 in Armour
 17334 | Lair:4   | Reached skill level 5 in Shields
 17572 | Lair:4   | Found a runed translucent door.
 17688 | Lair:4   | Reached skill level 5 in Fighting
 17712 | Lair:4   | Noticed Sonja
 17723 | Lair:4   | Killed Sonja
 17799 | Lair:4   | Noticed Kirke
 17823 | Lair:4   | Killed Kirke
 17847 | Lair:4   | Found a viscous altar of Jiyva.
 17847 | Lair:4   | Found a staircase to the Slime Pits.
 17867 | Lair:4   | Noticed Rupert
 17891 | Lair:4   | Killed Rupert
 18053 | Lair:4   | Reached skill level 5 in Evocations
 18103 | Lair:4   | Noticed Awe Rirch's ghost (journeyman VSBr)
 18419 | Lair:5   | Entered Level 5 of the Lair of Beasts
 18447 | Lair:5   | Reached XP level 14. HP: 95/114 MP: 16/19
 19425 | Lair:5   | Found a large runed translucent door.
 19426 | Lair:5   | Found a large runed translucent door.
 19547 | Lair:5   | Reached skill level 5 in Dodging
 19552 | Lair:5   | Reached skill level 6 in Armour
 19552 | Lair:5   | Identified the +5 scale mail of Inevitability {rElec rN++
                  | Dex-5 Slay+3}
 20226 | Lair:5   | Reached skill level 7 in Armour
 20462 | Orc:1    | Entered Level 1 of the Orcish Mines
 20885 | Orc:2    | Entered Level 2 of the Orcish Mines
 20925 | Orc:2    | Found a large runed translucent door.
 20925 | Orc:2    | Found a large runed translucent door.
 20963 | Orc:2    | Noticed elongatedgoose's ghost (journeyman MfGl)
 21098 | Orc:2    | Reached skill level 8 in Armour
 21212 | Orc:2    | Reached skill level 9 in Armour
 21234 | Orc:2    | Reached XP level 15. HP: 108/130 MP: 17/21
 21408 | Orc:2    | Found a staircase to the Elven Halls.
 21471 | Orc:2    | Found Vaesy's Magic Scroll Emporium.
 21471 | Orc:2    | Found Qagaol's Antique Armour Shop.
 21472 | Orc:2    | Found Zask's Magic Scroll Boutique.
 21472 | Orc:2    | Found Wykk's Antique Armour Emporium.
 21479 | Orc:2    | Bought a scroll of teleportation for 48 gold pieces
 21479 | Orc:2    | Bought a scroll of blinking for 120 gold pieces
 21479 | Orc:2    | Bought a scroll of teleportation for 48 gold pieces
 21480 | Orc:2    | Bought a spiked plate armour for 952 gold pieces
 21480 | Orc:2    | Identified the +10 plate armour of Quantum Leap {rElec
                  | Stlth+} (You bought it in a shop on level 2 of the Orcish
                  | Mines)
 21517 | Orc:2    | Bought a polished chain mail for 275 gold pieces
 21517 | Orc:2    | Identified the +0 chain mail of Reinual {rPois} (You bought
                  | it in a shop on level 2 of the Orcish Mines)
 21521 | Orc:2    | Bought a scroll of blinking for 135 gold pieces
 21521 | Orc:2    | Bought a scroll of poison for 72 gold pieces
 21947 | Orc:2    | Killed elongatedgoose's ghost
 22052 | Orc:2    | Got the Handbook of the Wayfarer
 22098 | Orc:2    | Learned a level 1 spell: Apportation
 22371 | D:13     | Reached skill level 10 in Armour
 22677 | D:13     | Found a gate to the Vaults.
 22938 | D:13     | Reached skill level 11 in Armour
 23028 | D:13     | Found a runed translucent gate.
 23028 | D:13     | Found a runed translucent gate.
 23028 | D:13     | Found a runed translucent gate.
 23028 | D:13     | Noticed Rudyous's ghost (journeyman MiFi)
 23031 | D:13     | Found a basalt altar of Yredelemnul.
 23547 | D:14     | Found a flickering gateway to a bazaar.
 23566 | Bazaar   | Entered a bazaar
 23580 | Bazaar   | Found Gerchi's Magic Scroll Emporium.
 23580 | Bazaar   | Found New Mytzi's Magic Scroll Shoppe.
 23602 | Bazaar   | Found Itiem's General Store.
 23618 | Bazaar   | Found Fiadiode's Book Emporium.
 23618 | Bazaar   | Found Edallec's Book Shoppe.
 23640 | Bazaar   | Found Minuduuw's Armour Emporium.
 23640 | Bazaar   | Found Suonuly's Distillery.
 23645 | Bazaar   | Bought a potion of haste for 120 gold pieces
 23645 | Bazaar   | Bought a potion of heal wounds for 60 gold pieces
 23724 | Bazaar   | Bought a scroll of blinking for 97 gold pieces
 23724 | Bazaar   | Bought a scroll of blinking for 97 gold pieces
 23751 | Bazaar   | Bought a scroll of summoning for 104 gold pieces
 23781 | Bazaar   | Bought a potion of cancellation for 88 gold pieces
 23801 | Bazaar   | Bought a scroll of blinking for 127 gold pieces
 23801 | Bazaar   | Bought a scroll of teleportation for 51 gold pieces
 23807 | Bazaar   | Bought a scroll of magic mapping for 97 gold pieces
 24232 | D:14     | Reached skill level 10 in Fighting
 24370 | D:14     | Reached skill level 12 in Armour
 24789 | D:15     | Entered Level 15 of the Dungeon
 25365 | Abyss:3  | Cast into level 3 of the Abyss (a wizard)
 25441 | Abyss:3  | Noticed a tentacled starspawn
 25441 | Abyss:3  | Noticed a tentacled starspawn
 25451 | Abyss:3  | Killed a tentacled starspawn
 25456 | Abyss:3  | Killed a tentacled starspawn
 25524 | Abyss:3  | Reached skill level 10 in Invocations
 25532 | Abyss:3  | Reached skill level 13 in Armour
 25562 | Abyss:3  | Got an abyssal rune of Zot
 25577 | D:15     | Escaped the Abyss
 25699 | D:15     | Reached XP level 16. HP: 142/143 MP: 23/23
 25880 | D:15     | Found a staircase to the Depths.
 26338 | Shoals:1 | Entered Level 1 of the Shoals
 26394 | Shoals:1 | Found Kikk's CLEARANCE SALE!.
 26814 | Snake:1  | Entered Level 1 of the Snake Pit
 27788 | Snake:1  | Reached skill level 10 in Stealth
 27860 | Snake:1  | Noticed Nikola
 27903 | Snake:2  | Found Ulliabb's Antique Armour Shoppe.
 28136 | Snake:2  | Found an opulent altar of Gozag.
 29023 | Snake:3  | Reached skill level 14 in Armour
 29794 | Snake:3  | Found Qosyurgh's Magic Scroll Emporium.
 29860 | Snake:3  | Found Loron's Antique Weapon Shoppe.
 29860 | Snake:3  | Found Oquifuve's Weapon Emporium.
 29865 | Snake:3  | Found Heaq's Book Shoppe.
 30244 | Snake:4  | Entered Level 4 of the Snake Pit
 31577 | Snake:4  | Reached XP level 17. HP: 103/149 MP: 19/27
 33519 | Snake:4  | Got a serpentine rune of Zot
 33926 | Shoals:1 | Bought the amulet of Goecust {Spirit Rampage +Inv Str+2
                  | Int+3} for 327 gold pieces
 34011 | Shoals:1 | Noticed Donald
 34019 | Shoals:1 | Found Reific's Antique Weapon Shop.
 34030 | Shoals:1 | Killed Donald
 34661 | Shoals:2 | Found Fyhaugru's General Store.
 34661 | Shoals:2 | Found Tesodanar's Jewellery Boutique.
 34906 | Shoals:2 | Reached skill level 10 in Shields
 35088 | Shoals:2 | Found Iniorriq's Magic Scroll Shop.
 35091 | Shoals:2 | Found Ukiawa's Assorted Antiques.
 35399 | Shoals:2 | Identified the +0 plate armour of the Volcano {Will- Slay+3
                  | Stlth+}
 35430 | Shoals:2 | Found Ukhec's Antique Armour Boutique.
 35472 | Shoals:2 | Noticed a kraken
 35617 | Shoals:2 | Bought an embroidered cloak for 255 gold pieces
 36416 | Shoals:3 | Reached skill level 15 in Invocations
 37781 | Shoals:4 | Entered Level 4 of the Shoals
 37794 | Shoals:4 | Reached XP level 18. HP: 119/161 MP: 29/29
 39580 | Shoals:4 | Identified the +4 troll leather armour of Qeolabb {rElec
                  | rF- Regen+ Str-3 Dex+4}
 40279 | Shoals:4 | Found Rinimas's Magic Scroll Boutique.
 40316 | Shoals:4 | Got a barnacled rune of Zot
 40719 | Shoals:4 | Got the Notes on Rime and Fascination
 41208 | Vaults:1 | Entered Level 1 of the Vaults
 41346 | Elf:1    | Entered Level 1 of the Elven Halls
 41393 | Elf:1    | Found a frozen archway.
 41537 | IceCv    | Entered an ice cave
 42918 | IceCv    | Found the +8 whip "Snakebite" {venom, curare, rPois}
 43202 | Elf:1    | Paralysed by a sphinx for 2 turns
 43360 | Elf:1    | Paralysed by an air elemental for 1 turns
 43549 | Elf:1    | Reached XP level 19. HP: 157/176 MP: 30/30
 43868 | Elf:1    | Found Asailuac's Weapon Shop.
 43878 | Elf:1    | Paralysed by an air elemental for 1 turns
 44261 | Elf:1    | Learned a level 2 spell: Wereblood
 44422 | Elf:1    | Reached skill level 1 in Transmutations
 44977 | Elf:2    | Paralysed by an air elemental for 1 turns
 45394 | Elf:2    | Reached skill level 15 in Shields
 45535 | Elf:2    | Found Coru's Armour Shop.
 45537 | Elf:2    | Found Duppuv's Book Boutique.
 45540 | Elf:2    | Found Qoklos's Weapon Shop.
 45737 | Elf:2    | Reached skill level 5 in Transmutations
 45962 | Elf:2    | Found a runed translucent gate.
 45963 | Elf:2    | Found a runed translucent gate.
 45964 | Elf:2    | Found a runed translucent gate.
 45993 | Elf:2    | Paralysed by a deep elf pyromancer for 4 turns
 46371 | Elf:3    | Entered Level 3 of the Elven Halls
 48650 | Elf:3    | Reached XP level 20. HP: 150/184 MP: 31/31
 48653 | Elf:3    | Identified the ring of Voar {rF+ rCorr Str+4}
 48804 | Elf:3    | Identified the ring of Ewnauret {rF+ Dex+2}
 48905 | Elf:3    | Identified the +8 quarterstaff of Blood-Lust {heavy, rF+
                  | rC+ Str+3 Int-3 Stlth+}
 49129 | Elf:3    | Identified the +8 battleaxe "Ylekhlupp" {protect, *Rage
                  | rPois rF+}
 49254 | Elf:3    | Identified the +4 flail "Bischefic" {pain, rC+}
 49457 | Elf:3    | Identified the +4 lajatang "Dragon's Demise" {holy, rF+
                  | rCorr Int+2}
 49470 | Elf:3    | Identified the +0 pair of gloves of Vejem {Slay+3}
 49491 | Elf:3    | Got the Atlas of the Insatiable Ships
 49578 | Elf:3    | Got the Encyclopedia of Fire and Forms
 50079 | Vaults:1 | Reached skill level 10 in Evocations
 50496 | Vaults:1 | Reached skill level 15 in Armour
 51748 | Snake:2  | Bought a runed tower shield for 247 gold pieces
 52161 | Vaults:2 | Paralysed by a great orb of eyes for 2 turns
 53305 | Vaults:2 | Found a runed translucent gate.
 53306 | Vaults:2 | Found a runed translucent gate.
 53306 | Vaults:2 | Found a runed translucent gate.
 53308 | Vaults:2 | Noticed Reyb's ghost (veteran DsGl)
 53308 | Vaults:2 | Noticed Henlumuh's ghost (veteran NaIE)
 53308 | Vaults:2 | Noticed Wyfalan's ghost (adept DrCj)
 53436 | Vaults:2 | Reached XP level 21. HP: 187/195 MP: 32/32
 53804 | Vaults:2 | Found Leocwi Zolo's Weapon Boutique.
 53812 | Vaults:2 | Bought a throwing net for 36 gold pieces
 53971 | Vaults:3 | Noticed Mara
 53986 | Vaults:3 | Killed Mara
 54056 | Vaults:3 | Reached skill level 15 in Fighting
 54161 | Vaults:3 | Found a crumbling gateway.
 54206 | Desolati | Entered the Desolation of Salt
 54343 | Desolati | Identified the ring "Miemnaipn" {rElec rN+ Dex+3 Slay+2}
 54366 | Desolati | Reached skill level 16 in Armour
 54375 | Desolati | Got Hiladgh's Catalogue of the Cure and the Flock
 54593 | Desolati | Identified the +1 robe of Baton {Int+8 Dex-4}
 54598 | Desolati | Identified the ring "Ozxott" {EV+5 Dex+4}
 54611 | Desolati | Identified the ring "Xiyxopso" {rN+ rCorr Str+3 Int+3}
 54670 | Desolati | Got the Compendium of Anthracomancy
 54697 | Desolati | Got the Parchment of Entrancing Electricity
 54726 | Desolati | Identified the +7 morningstar of Poverty {vamp, Fragile
                  | rElec rN+ Int+2}
 54753 | Desolati | Learned a level 3 spell: Vhi's Electric Charge
 54850 | Desolati | Identified the +10 lajatang of Inconvenience {freeze, rN++
                  | Str-3 Int-2 SInv}
 54878 | Desolati | Identified the +9 lajatang "Ajev" {freeze, rC- Will+ Str+3
                  | Dex+5}
 54881 | Desolati | Identified the +2 scale mail of Untruth {rPois rN+ Int+3
                  | Dex+4}
 54887 | Desolati | Identified the +5 falchion "Ohic" {elec, rPois Str+5}
 55117 | Desolati | Found the +3 pair of mountain boots {steadfast, rC+}
 55267 | Desolati | Identified the +6 battleaxe "Cuhuocw" {venom, rN+ SInv}
 55641 | Vaults:3 | Found a staircase to the Crypt.
 56384 | Vaults:3 | Found the +8 orange crystal plate armour {Archmagi, Int+3
                  | Clar}
 56393 | Vaults:3 | Identified the ring "Mooxugh" {Ice Int+4 Dex+3}
 56437 | Vaults:3 | Learned a level 4 spell: Animate Armour
 56577 | Vaults:3 | Found Xiteloup's General Store.
 56605 | Vaults:3 | Bought a scroll of fog for 72 gold pieces
 56658 | Vaults:3 | Reached XP level 22. HP: 188/205 MP: 33/33
 57071 | Vaults:4 | Reached skill level 1 in Spellcasting
 57081 | Vaults:4 | Reached skill level 10 in Throwing
 57089 | Vaults:4 | Reached skill level 10 in Transmutations
 57375 | Vaults:4 | Reached skill level 17 in Armour
 58802 | Depths:1 | Entered Level 1 of the Depths
 59374 | Depths:1 | Found a gateway to Hell.
 59606 | Depths:1 | Found a blossoming altar of Fedhas.
 59649 | Depths:1 | Found a broken altar of Ashenzari.
 59779 | Depths:1 | Found Sotydiuf's Weapon Boutique.
 60039 | Depths:2 | Found a glowing golden altar of the Shining One.
 60360 | Depths:2 | Reached skill level 18 in Armour
 60833 | Depths:2 | Found Irhus's Antique Armour Shoppe.
 60841 | Depths:2 | Bought a heavily runed chain mail for 266 gold pieces
 60841 | Depths:2 | Identified the +6 chain mail of the Bulwark {Harm rPois
                  | Will- Regen+} (You bought it in a shop on level 2 of the
                  | Depths)
 60955 | Depths:2 | Found Pivu's Book Emporium.
 61371 | Depths:2 | Found a one-way gate leading to the halls of Pandemonium.
 61417 | Depths:2 | Found Zekkoih's Assorted Antiques.
 61425 | Depths:2 | Bought a scroll of blinking for 352 gold pieces
 61550 | Depths:3 | Found an iron altar of Okawaru.
 61631 | Depths:3 | Paralysed by a sphinx for 5 turns
 61806 | Depths:3 | Noticed a golden dragon
 61819 | Depths:3 | Killed a golden dragon
 61820 | Depths:3 | Reached XP level 23. HP: 90/212 MP: 34/34
 62101 | Depths:3 | Identified the ring "Qacw" {rN++ Int+4 Dex+6}
 62149 | Depths:3 | Noticed a juggernaut
 62157 | Depths:3 | Killed a juggernaut
 62266 | Depths:3 | Noticed a caustic shrike
 62275 | Depths:3 | Killed a caustic shrike
 62285 | Depths:3 | Noticed a juggernaut
 62310 | Depths:3 | Killed a juggernaut
 62515 | Depths:3 | Identified the ring "Qeydei" {Fire Int+7 Slay-5 SInv}
 62556 | Depths:3 | Found a gateway to a bazaar.
 62669 | Depths:3 | Noticed a caustic shrike
 62675 | Depths:4 | Entered Level 4 of the Depths
 62685 | Depths:4 | Killed a caustic shrike
 62698 | Depths:4 | Noticed Frederick
 62707 | Depths:4 | Killed Frederick
 62939 | Depths:4 | Noticed a caustic shrike
 62951 | Depths:4 | Killed a caustic shrike
 62976 | Depths:4 | Noticed a caustic shrike
 62986 | Depths:4 | Killed a caustic shrike
 63010 | Depths:4 | Noticed a caustic shrike
 63012 | Depths:4 | Noticed a caustic shrike
 63013 | Depths:4 | Noticed a caustic shrike
 63015 | Depths:4 | Killed a caustic shrike
 63020 | Depths:4 | Killed a caustic shrike
 63022 | Depths:4 | Killed a caustic shrike
 63458 | Depths:4 | Found a gate to the Realm of Zot.
 64817 | Zot:1    | Entered Level 1 of the Realm of Zot
 65504 | D:9      | Bought a ring of poison resistance for 300 gold pieces
 66309 | Depths:3 | Reached skill level 15 in Throwing
 66408 | Depths:3 | Found a one-way gateway to a ziggurat.
 66818 | Depths:3 | Identified the +1 robe of the Blue Moon {rPois rN+++ Dex-2
                  | Slay-4}
 67228 | Snake:3  | Bought a manual of Armour for 1360 gold pieces
 67557 | Zot:1    | Noticed Grunn
 67577 | Depths:4 | Reached XP level 24. HP: 83/219 MP: 35/35
 67934 | Zot:1    | Killed Grunn
 68401 | Zot:1    | Noticed an ancient lich
 68401 | Zot:1    | Noticed an orb of fire
 68408 | Zot:1    | Killed an orb of fire
 68411 | Zot:1    | Killed an ancient lich
 68412 | Zot:1    | Reached skill level 19 in Armour
 69531 | Zot:2    | Reached skill level 20 in Armour
 70937 | Zot:3    | Reached skill level 21 in Armour
 71869 | Slime:1  | Entered Level 1 of the Pits of Slime
 71888 | Slime:1  | Gained mutation: You sometimes lose your temper in combat.
                  | [a shining eye]
 71895 | Slime:1  | Lost mutation: You sometimes lose your temper in combat.
                  | [potion of mutation]
 71895 | Slime:1  | Gained mutation: Your muscles are strong. (Str +4, Int/Dex
                  | -1) [potion of mutation]
 71895 | Slime:1  | Gained mutation: You are robust. (+10% HP) [potion of
                  | mutation]
 71895 | Slime:1  | Gained mutation: You occasionally lose the ability to read
                  | scrolls when taking damage. [potion of mutation]
 71895 | Slime:1  | Gained mutation: You are occasionally teleported next to
                  | monsters. [potion of mutation]
 71895 | Slime:1  | Gained mutation: You are agile. (Dex +4, Str/Int -1)
                  | [potion of mutation]
 71896 | Slime:1  | Lost mutation: You are agile. (Dex +4, Str/Int -1) [potion
                  | of mutation]
 71896 | Slime:1  | Lost mutation: You are occasionally teleported next to
                  | monsters. [potion of mutation]
 71896 | Slime:1  | Lost mutation: Your muscles are strong. (Str +4, Int/Dex
                  | -1) [potion of mutation]
 71896 | Slime:1  | Lost mutation: You occasionally lose the ability to read
                  | scrolls when taking damage. [potion of mutation]
 71896 | Slime:1  | Gained mutation: You are very robust. (+20% HP) [potion of
                  | mutation]
 71896 | Slime:1  | Gained mutation: Your flesh is cold resistant. (rC+)
                  | [potion of mutation]
 71896 | Slime:1  | Gained mutation: You are vulnerable to heat. (rF-) [potion
                  | of mutation]
 71896 | Slime:1  | Gained mutation: You have a pair of small antennae on your
                  | head. [potion of mutation]
 71896 | Slime:1  | Gained mutation: You are strong-willed. (Will+) [potion of
                  | mutation]
 72219 | Slime:1  | Reached skill level 22 in Armour
 72797 | Slime:2  | Reached XP level 25. HP: 270/270 MP: 34/35
 73124 | Slime:3  | Reached skill level 23 in Armour
 73196 | Slime:3  | You fall into a shaft and drop 1 floor!
 73446 | Slime:5  | Entered Level 5 of the Pits of Slime
 73470 | Slime:5  | Lost mutation: You are very robust. (+20% HP) [a shining
                  | eye]
 73560 | Slime:5  | Noticed the Royal Jelly
 73562 | Slime:5  | Found a viscous altar of Jiyva.
 73581 | Slime:5  | Killed the Royal Jelly
 74337 | Slime:5  | Identified the amulet of Ewus {Spirit rPois}
 74362 | Slime:5  | Got a slimy rune of Zot
 74541 | Lair:4   | Killed Awe Rirch's ghost
 74675 | Shoals:2 | Bought a scroll of enchant armour for 90 gold pieces
 75869 | Zot:3    | Reached skill level 24 in Armour
 77341 | Zot:4    | Found the +4 dragonskin cloak
 77341 | Zot:4    | Noticed Tiamat
 77346 | Zot:4    | Killed Tiamat
 78034 | Zot:5    | Entered Level 5 of the Realm of Zot
 78234 | Zot:5    | Reached skill level 15 in Evocations
 78245 | Zot:5    | Reached XP level 26. HP: 111/258 MP: 30/37
 80038 | Zot:5    | Noticed an ancient lich
 80069 | Zot:5    | Killed an ancient lich
 80385 | Zot:5    | Noticed a dread lich
 80398 | Zot:5    | Killed a dread lich
 80403 | Zot:5    | Noticed an orb of fire
 80404 | Zot:5    | Killed an orb of fire
 80413 | Zot:5    | Noticed a dread lich
 80415 | Zot:5    | Killed a dread lich
 80422 | Zot:5    | Noticed an ancient lich
 80437 | Zot:5    | Killed an ancient lich
 80586 | Zot:5    | Noticed an ancient lich
 80587 | Zot:5    | Noticed an orb of fire
 80589 | Zot:5    | Noticed a dread lich
 80590 | Zot:5    | Gained mutation: You sometimes lose your temper in combat.
                  | [an orb of fire]
 80591 | Zot:5    | Killed an ancient lich
 80597 | Zot:5    | Noticed an ancient lich
 80597 | Zot:5    | Killed an orb of fire
 80602 | Zot:5    | Noticed an ancient lich
 80604 | Zot:5    | Killed a dread lich
 80604 | Zot:5    | Killed an ancient lich
 80607 | Zot:5    | Killed an ancient lich
 80607 | Zot:5    | Killed an ancient lich
 80862 | Zot:5    | Noticed a dread lich
 80875 | Zot:5    | Killed a dread lich
 80876 | Zot:5    | Reached skill level 25 in Armour
 80967 | Zot:5    | Got the Orb of Zot
 81356 | D:14     | Lost mutation: You are vulnerable to heat. (rF-) [potion of
                  | mutation]
 81356 | D:14     | Lost mutation: You are strong-willed. (Will+) [potion of
                  | mutation]
 81356 | D:14     | Lost mutation: Your flesh is cold resistant. (rC+) [potion
                  | of mutation]
 81356 | D:14     | Lost mutation: You have a pair of small antennae on your
                  | head. [potion of mutation]
 81356 | D:14     | Gained mutation: You have hidden genetic potential. [potion
                  | of mutation]
 81356 | D:14     | Gained mutation: You are vulnerable to cold. (rC-) [potion
                  | of mutation]
 81356 | D:14     | Gained mutation: You occasionally shout uncontrollably at
                  | your foes. [potion of mutation]
 81356 | D:14     | Gained mutation: You have large cloven feet. [potion of
                  | mutation]
 81357 | D:14     | Lost mutation: You sometimes lose your temper in combat.
                  | [potion of mutation]
 81357 | D:14     | Lost mutation: You are robust. (+10% HP) [potion of
                  | mutation]
 81357 | D:14     | Lost mutation: You occasionally shout uncontrollably at
                  | your foes. [potion of mutation]
 81357 | D:14     | Lost mutation: You are vulnerable to cold. (rC-) [potion of
                  | mutation]
 81357 | D:14     | Gained mutation: You are strong-willed. (Will+) [potion of
                  | mutation]
 81357 | D:14     | Gained mutation: A frigid envelope surrounds you and
                  | freezes all who hurt you. [potion of mutation]
 81357 | D:14     | Gained mutation: Your mind is acute. (Int +4, Str/Dex -1)
                  | [potion of mutation]
 81548 | D:4      | Noticed Zofohi Leu the pandemonium lord
 81607 | D:$      | Escaped with the Orb!

Illustrated notes

Levels and vault maps discovered:
D:1:      ldierk_walled_garden, layout_rooms
D:2:      layout_basic, minivault_11
D:3:      layout_basic
D:4:      layout_loops_ring, minmay_temple_entry_nine_rooms, uniq_blork_the_orc
D:5:      layout_basic, grunt_temple_overflow_open, dk_vineyard_1,
          hangedman_decor_opposing
D:6:      layout_loops_ring, mainiacjoe_overflow_alcove_2
D:7:      layout_rooms, nicolae_qazlal_style_of_elements
D:8:      layout_loops_ring, enter_bailey_8, uniq_psyche
D:9:      layout_roguey, nicolae_stop_n_shop_2
D:10:     layout_roguey [special_room_bee], nicolae_overflow_hidden_temple,
          minmay_hollow_rounded_squares
D:11:     layout_basic, minmay_lair_entry_lava, gammafunk_ghost_abyssal_escape
D:12:     layout_loops_corners, david_orc_5, lemuel_old_faithful
D:13:     layout_loops_ring, hangedman_vaults_entry_quadrant_bands,
          nicolae_yredelemnul_ghost_church
D:14:     layout_basic, serial_shops, bzr_in_the_mist
D:15:     grunt_enter_depths_snipers, layout_cave_pods, skrybe_limestone_x
Temple:   chequers_temple_sunken
Lair:1:   layout_regular_city, basic_altar, nicolae_lair_run_with_the_wolves,
          grunt_megastairs_1
Lair:2:   layout_gridlike, beast_lair_carwin_3
Lair:3:   layout_loops_ring, minmay_shoals_entry_beasts,
          guppyfry_snake_entry_garden, lemuel_fruit_tree,
          infiniplex_staircase_pool_2
Lair:4:   layout_loops_ring, slime_entry_1, serial_rivers,
          chequers_serial_rivers_room_a, chequers_serial_rivers_room_a,
          chequers_serial_rivers_micro_b, chequers_serial_rivers_small_b,
          hellmonk_ghost_happy_afterlife, grunt_megastairs_2, uniq_sonja,
          uniq_kirke, uniq_rupert
Lair:5:   cheibrodos_lair_end_hotspot, layout_concentric_octagons,
          minmay_lair_oklob_items
Shoals:1: layout_shoals, serial_shops, nicolae_shop_hallway_plus,
          nicolae_shop_clearance, uniq_donald
Shoals:2: layout_shoals, serial_shops, nicolae_diamond_shop,
          nicolae_lakefront_shop, nicolae_stop_n_shop_1, shop,
          nicolae_shop_competitors_out_of_business
Shoals:3: layout_shoals
Shoals:4: shoals_end_simple, layout_shoals, serial_shops, shop, uniq_polyphemus
Snake:1:  layout_layer_cave, dpeg_stationary_puzzle, grunt_megastairs_3,
          serial_bayou_shore_a, uniq_nikola
Snake:2:  layout_gridlike, basic_altar, serial_shops,
          nicolae_shop_hallway_stairs, grunt_ministairs_7
Snake:3:  layout_cave_town, minmay_shoptagon
Snake:4:  snake_pit_salamanders_mu, layout_basic,
          nicolae_snake_herptile_family_reunion
Slime:1:  layout_caves, cheibrodos_slime_lost_civilization_6
Slime:2:  layout_caves
Slime:3:  layout_caves, nicolae_slime_crime_time
Slime:4:  layout_caves
Slime:5
Orc:1:    layout_caves
Orc:2:    st_orc_ogre_mass, layout_caves, ebering_ghost_disaster_area
Elf:1:    eino_elf_arrival_shootout, layout_gridlike, special_room
          [special_room_mythical_zoo], portal_ice_cave_entry_ugly_swarm,
          serial_shops, shop, hangedman_elf_disciples, st_stairs_2
Elf:2:    elven_hall_of_blades_hangedman_original
          [nicolae_blade_entry_crossed_weapons], layout_gridlike,
          minmay_shop_star, uniq_aizul, uniq_saint_roka
Elf:3:    elf_hall_gauntlet_wide, layout_onion_city, minivault_28
Vaults:1: ontoclasm_vaults_misaligned, nicolae_vaults_disjoint_gnomons,
          grunt_vaults_diagonal, vaults_room_semicircle, v_alt_pattern_3,
          ontoclasm_vaults_chip, vaults_room_grunt_arrival_ludios, v_pattern_2,
          ontoclasm_vaults_eye, v_misc_4, layout_vaults_big_room
Vaults:2: gammafunk_ghost_cemetery, hangedman_vaults_restitches,
          nicolae_vaults_network_star, vaults_dpeg_ring, hangedman_vaults_maws,
          hangedman_vaults_nails, st_cross, nicolae_vaults_stairing_the_circle,
          ontoclasm_vaults_spin, layout_vaults_omnigrid, serial_shops, shop
Vaults:3: portal_desolation_entry_garden, grunt_vaults_trifunnel, v_rooms_3,
          dpeg_vaults_waves, ontoclasm_vaults_decontamination, v_misc_22,
          minmay_crypt_entry_simple_round, vaults_room_octagon,
          nicolae_vaults_specimen_jars, v_misc_14, layout_vaults_omnicross,
          serial_shops, shop, uniq_mara
Vaults:4: v_misc_8, nicolae_vaults_network_square, ontoclasm_vaults_chip,
          v_rooms_6, vaults_dpeg_doors, v_misc_27, hangedman_vaults_corner,
          dpeg_vaults_monster_box, vaults_mumra_chevron_long,
          vaults_room_semicircle, layout_vaults_ring
Depths:1: layout_twisted_cross, serial_shops, nicolae_shop_window_shopping,
          grunt_mini_vestibule, cheibrodos_ashenzari_chains,
          fedhas_altar_fruit_tree
Depths:2: dreamdust_under_siege, layout_gridville, rand_demon_pan_entry_8,
          grunt_decor_resistance, serial_shops, shop, nicolae_shop_trees, shop,
          pf_coc_iceberg
Depths:3: minmay_swirls_squares, layout_cave_pools, enter_ziggurat_d,
          hangedman_tar_grid_catacomb, okawaru_trees_2,
          hangedman_abyss_entry_splay, serial_shops, statue_bzr
Depths:4: grunt_x_marks_the_spot, layout_honeycomb, hell_entry,
          dk_noncrumbling_2, abyss_entry, uniq_frederick
Zot:1:    grunt_deathspiral_small, layout_onion_interference,
          lemuel_golem_globe, uniq_grunn
Zot:2:    layout_gridlike
Zot:3:    layout_gridlike, hangedman_zot_decor_tridents
Zot:4:    layout_misc_corridors, uniq_tiamat
Zot:5:    layout_gridlike, grunt_ministairs_10

Skill      XL: |  1  2  3  4  5  6  7  8  9 10 11 12 13 14 15 16 17 18 19 20 21 22 23 24 25 26 |
---------------+-------------------------------------------------------------------------------+-----
Long Blades    | 3 5 6 8 10 13 14 | 14.0
Stealth        | 2 3 5 7 8 9 10 11 12 14 | 14.5
Invocations    | 5 7 9 10 13 15 16 17 20 | 20.0
Fighting       | 2 3 5 8 10 11 13 14 15 16 | 16.1
Short Blades   | 3 10 11 | 11.0
Throwing       | 2 4 6 8 9 12 15 16 | 16.0
Armour         | 1 3 5 9 13 14 15 16 18 22 24 25 | 25.1
Shields        | 1 3 5 9 10 14 15 16 17 19 20 21 | 21.0
Evocations     | 2 5 7 9 10 12 15 | 15.0
Dodging        | 3 4 5 7 |  7.5
Transmutations | 6 8 9 10 | 10.0
Spellcasting   | 4 |  4.0

Action                     |  1- 3 |  4- 6 |  7- 9 | 10-12 | 13-15 | 16-18 | 19-21 | 22-24 | 25-27 || total
---------------------------+-------+-------+-------+-------+-------+-------+-------+-------+-------++-------
  Melee: Long sword        |    75 |       |       |       |       |       |       |       |       ||    75
         Tailslap          |    12 |    13 |    40 |    70 |   180 |   290 |   310 |   410 |   237 ||  1562
         Punch             |     1 |       |       |       |       |       |       |       |       ||     1
         Dagger            |    37 |    75 |   251 |    24 |       |       |       |       |       ||   387
         Scimitar          |       |    18 |    19 |   117 |       |       |       |       |       ||   154
         Rapier            |       |       |       |   368 |   938 |  1461 |  1481 |  1615 |   879 ||  6742
         Kick              |       |       |       |       |       |       |       |       |     9 ||     9
  Throw: Dart              |       |     9 |    18 |    31 |    11 |     1 |     5 |     3 |       ||    78
         Throwing net      |       |     1 |     2 |       |       |       |       |       |       ||     3
         Javelin           |       |       |     2 |       |       |    12 |       |     4 |     8 ||    26
         Boomerang         |       |       |       |       |     8 |   147 |     3 |    42 |   161 ||   361
   Cast: Apportation       |       |       |       |       |       |     5 |       |       |       ||     5
         Wereblood         |       |       |       |       |       |       |    16 |    41 |    28 ||    85
 Invoke: Stomp             |       |       |       |       |     1 |       |       |       |       ||     1
         Grand Finale      |       |       |       |       |       |     6 |     9 |    11 |     7 ||    33
         Line Pass         |       |       |       |       |       |     1 |       |     1 |       ||     2
  Evoke: Wand              |       |       |       |     2 |     4 |     5 |       |       |     1 ||    12
         Lightning rod     |       |       |       |     4 |       |       |       |     2 |       ||     6
         Tin of tremorston |       |       |       |       |     2 |     7 |     2 |     3 |     4 ||    18
         Condenser vane    |       |       |       |       |       |       |     1 |     7 |     4 ||    12
         Box of beasts     |       |       |       |       |       |       |     1 |     2 |       ||     3
         Phantom mirror    |       |       |       |       |       |       |       |     1 |       ||     1
    Use: Scroll            |     4 |    10 |       |    15 |     5 |     3 |     2 |     6 |    17 ||    62
         Potion            |       |       |     2 |     3 |     4 |     4 |       |    11 |     5 ||    29
   Stab: Distracted        |     1 |     1 |     1 |     1 |     2 |     1 |     1 |       |       ||     8
         Sleeping          |     6 |     6 |    11 |    24 |     6 |     1 |       |       |       ||    54
         Held in net/web   |       |     2 |     2 |       |       |       |       |       |       ||     4
         Paralysed         |       |     1 |    11 |    29 |    76 |    97 |   153 |   182 |    79 ||   628
         Confused          |       |       |       |       |       |     2 |       |     2 |       ||     4
         Invisible         |       |       |       |       |       |       |       |     5 |       ||     5
 Armour: Leather armour    |    37 |    25 |    50 |    20 |       |       |       |       |       ||   132
         Skin              |       |       |     3 |       |       |       |       |       |       ||     3
         Troll leather arm |       |       |       |    52 |       |       |       |       |       ||    52
         Plate armour      |       |       |       |    18 |   284 |   663 |   462 |       |       ||  1427
         Scale mail        |       |       |       |       |    39 |       |       |       |       ||    39
         Crystal plate arm |       |       |       |       |       |       |     6 |   603 |    87 ||   696
         Gold dragon scale |       |       |       |       |       |       |       |       |   313 ||   313
  Dodge: Dodged            |    49 |    30 |    79 |   208 |   184 |   337 |   249 |   237 |   123 ||  1496
  Block: Buckler           |     5 |     5 |    32 |    71 |   126 |   138 |       |       |       ||   377
         Kite shield       |       |       |       |       |       |   269 |   554 |   408 |       ||  1231
         Reflection        |       |       |       |       |       |    31 |    50 |    10 |       ||    91
         Tower shield      |       |       |       |       |       |       |       |   530 |   618 ||  1148

Table legend: (Time is in decaauts)
 A = Elapsed time spent in this place.
 B = Non-inter-level travel time spent in this place.
 C = Inter-level travel time spent in this place.
 D = Time resting spent in this place.
 E = Time spent auto-exploring this place.
 F = Levels seen in this place.
 G = Mean time per level.
                   A        B        C        D        E       F      G
               +--------+--------+--------+--------+--------+-----+--------+
         Total |  78598 |  71662 |   6936 |  19558 |  38527 |  57 | 1378.9 |
       Dungeon |  17635 |  14620 |   3015 |   2905 |   8827 |  15 | 1175.7 |
        Temple |    177 |    152 |     25 |      0 |    146 |   1 |  177.0 |
          Lair |   7207 |   6394 |    813 |   1269 |   4181 |   5 | 1441.4 |
        Shoals |   7509 |   7133 |    376 |   2708 |   3366 |   4 | 1877.2 |
     Snake Pit |   6708 |   6402 |    306 |   1624 |   3731 |   4 | 1677.0 |
    Slime Pits |   2455 |   2335 |    120 |    189 |   1440 |   5 |  491.0 |
  Orcish Mines |   1902 |   1661 |    241 |    244 |   1129 |   2 |  951.0 |
   Elven Halls |   6577 |   6343 |    234 |   2751 |   2296 |   3 | 2192.3 |
        Vaults |   7109 |   6457 |    652 |    526 |   4726 |   4 | 1777.2 |
        Depths |   8013 |   7270 |    743 |   2010 |   4174 |   4 | 2003.2 |
           Zot |   8954 |   8548 |    406 |   3324 |   3602 |   5 | 1790.8 |
         Abyss |    183 |    183 |      0 |     13 |      0 |   1 |  183.0 |
        Bazaar |    297 |    297 |      0 |      0 |    100 |   1 |  297.0 |
        Bailey |   1250 |   1250 |      0 |    910 |     71 |   1 | 1250.0 |
      Ice Cave |   1489 |   1489 |      0 |   1041 |     76 |   1 | 1489.0 |
    Desolation |   1124 |   1124 |      0 |     40 |    661 |   1 | 1124.0 |
               +--------+--------+--------+--------+--------+-----+--------+

Top non-repeatable levels by time:
 Snake:4: 3177 daAuts
   Elf:3: 3169 daAuts
Depths:4: 3102 daAuts
   Zot:5: 2470 daAuts
Shoals:4: 2362 daAuts
Shoals:3: 2297 daAuts
   Elf:1: 2081 daAuts
Vaults:2: 2029 daAuts
Depths:3: 1930 daAuts
Vaults:3: 1887 daAuts
   Zot:4: 1849 daAuts
   Zot:3: 1832 daAuts
  Lair:5: 1816 daAuts
     D:6: 1800 daAuts
   Zot:1: 1751 daAuts
